 Dungeon Sprint DCSS version 0.26-a0-661-g406de6ba63 (webtiles) character file.

Game seed: 5451901956963697784

60 sahdkjhfkaj the Caller (level 4, -5/34 HPs)
             Began as a Gnoll Summoner on Oct 8, 2020.
             Was a Believer of Sif Muna.
             Slain by an ice beast (13 damage)
             ... in the Dungeon (Sprint VII: "The Pits").
             The game lasted 00:03:05 (2405 turns).

sahdkjhfkaj the Caller (Gnoll Summoner)             Turns: 2405, Time: 00:03:05

Health: -5/34      AC:  2    Str: 10    XL:     4   Next: 6%
Magic:  11/11      EV: 15    Int: 19    God:    Sif Muna [**....]
Gold:   0          SH:  0    Dex: 15    Spells: 7/14 levels left

rFire    . . .     SeeInvis .   n - +2 long sword (holy)
rCold    . . .     Faith    .   (no shield)
rNeg     . . .     Spirit   .   a - +0 robe
rPois    .         Reflect  .   (no helmet)
rElec    .         Harm     .   (no cloak)
rCorr    .         Rampage  .   (no gloves)
MR       .....     NoTele   +   (no boots)
Stlth    +++.......             (no amulet)
HPRegen  0.11/turn              (no ring)
MPRegen  0.12/turn              (no ring)

@: very slightly contaminated
A: distributed training, fangs 1, strong nose
a: Channel Magic, Renounce Religion


You were in the Dungeon.
You worshipped Sif Muna.
Sif Muna was pleased with you.
You visited 1 branch

Inventory:

Hand Weapons
 n - a +2 long sword of holy wrath (weapon)
Armour
 a - a +0 robe (worn)
Scrolls
 h - a scroll of blinking
 i - 3 scrolls of remove curse
 j - 5 scrolls of amnesia
 k - a scroll of summoning
 l - 2 scrolls of vulnerability
Potions
 b - 2 potions of invisibility
 c - 6 potions of curing
 d - 6 potions of heal wounds
 e - a potion of haste
 f - 4 potions of magic
 g - 3 potions of berserk rage


   Skills:
 + Level 2.3 Fighting
 + Level 2.3 Short Blades
 + Level 2.3 Long Blades
 + Level 2.3 Axes
 + Level 2.3 Maces & Flails
 + Level 2.3 Polearms
 + Level 2.3 Staves
 + Level 2.3 Slings
 + Level 2.3 Bows
 + Level 2.3 Crossbows
 + Level 2.3 Throwing
 + Level 2.3 Armour
 + Level 5.2 Dodging
 + Level 4.8 Stealth
 + Level 2.3 Shields
 + Level 2.3 Unarmed Combat
 + Level 5.5 Spellcasting
 + Level 1.9 Conjurations
 + Level 1.9 Hexes
 + Level 7.4 Summonings
 + Level 1.9 Necromancy
 + Level 1.9 Translocations
 + Level 1.9 Transmutations
 + Level 1.9 Fire Magic
 + Level 1.9 Ice Magic
 + Level 1.9 Air Magic
 + Level 1.9 Earth Magic
 + Level 1.9 Poison Magic
 + Level 2.6 Invocations
 + Level 2.3 Evocations


You had 7 spell levels left.
You knew the following spells:

 Your Spells              Type           Power        Failure   Level
a - Summon Small Mammal   Summ           ####         1%          1
e - Summon Ice Beast      Ice/Summ       ###.....     17%         4
I - Call Imp              Summ           ####....     1%          2

Your spell library contained the following spells:

 Spells                   Type           Power        Failure   Level
 Call Canine Familiar     Summ           ####....     1%          3
 Summon Guardian Golem    Hex/Summ       ###.....     4%          3
 Summon Lightning Spire   Summ/Air       ###.....     17%         4


Dungeon Overview and Level Annotations

Branches:
Dungeon (1/1)

Altars:
Ashenzari
Cheibriados
Dithmenos
Elyvilon
Fedhas
Gozag
Hepliaklqana
Kikubaaqudgha
Makhleb
Nemelex Xobeh
Okawaru
Qazlal
Ru
Sif Muna
Trog
Uskayaw
Vehumet
Wu Jian
Xom
Yredelemnul
Zin
The Shining One
Beogh
Jiyva
Lugonu


Innate Abilities, Weirdness & Mutations

Your experience applies equally to all skills.
You have very sharp teeth.
Your uncanny sense of smell can sniff out nearby items.


Message History

Casting: Summon Ice Beast (quite dangerous; 17% risk of failure)
Confirm with . or Enter, or press ? or * to list all spells.
The spell is quite dangerous to cast (17% risk of failure)!
Continue anyway?
You miscast Summon Ice Beast.
You are very lightly contaminated with residual magic.
Distant voices call out in your mind.
A nameless horror comes into view.
The ice beast hits you but does no damage.
The warg bites you!
Unknown command.
Your ice beast hits the ice beast but does no damage.
Send 'em back where they came from!
Your ice beast shudders.
You feel less invigorated. The warg barely misses you.
Send 'em back where they came from!
Your ice beast shudders.
The ice beast hits you.
* * * LOW HITPOINT WARNING * * *
The ice beast freezes you!
You die...

##########++######
#................#
#......#..#...X..#
#................+
'..............Y.+
#......#..#....Y@#
#.............rh.#
####'#####++######
#.......#
#.......#
#.......#
#...<...#
#.......#
#.......#


You could see a nameless horror, a warg, an ice beast, a river rat and a
friendly ice beast (summoned).

Vanquished Creatures
  A bat skeleton (D)
  A giant cockroach (D)
  A goblin (D)
  A kobold (D)
4 creatures vanquished.

Vanquished Creatures (collateral kills)
  A sky beast (D)
  An ufetubus (D)
  A bat zombie (D)
  2 quokkas (D)
  2 ball pythons (D)
7 creatures vanquished.

Grand Total: 11 creatures vanquished

Notes
Turn   | Place    | Note
-------+----------+-------------------------------------------
     0 | D        | sahdkjhfkaj the Gnoll Summoner began the quest for the Orb.
     0 | D        | Reached XP level 1. HP: 13/13 MP: 6/6
    38 | D        | Found a bloodstained altar of Trog.
    38 | D        | Found a shimmering blue altar of Sif Muna.
    38 | D        | Found a viscous altar of Jiyva.
    38 | D        | Found a hazy altar of Hepliaklqana.
    38 | D        | Found an opulent altar of Gozag.
    39 | D        | Found a glowing golden altar of the Shining One.
    39 | D        | Found a glowing silver altar of Zin.
    39 | D        | Found a basalt altar of Yredelemnul.
    39 | D        | Found a shimmering altar of Xom.
    39 | D        | Found an ornate altar of the Wu Jian Council.
    39 | D        | Found a sacrificial altar of Ru.
    39 | D        | Found a stormy altar of Qazlal.
    39 | D        | Found an iron altar of Okawaru.
    39 | D        | Found a sparkling altar of Nemelex Xobeh.
    39 | D        | Found a burning altar of Makhleb.
    39 | D        | Found a blossoming altar of Fedhas.
    39 | D        | Found a white marble altar of Elyvilon.
    39 | D        | Found a shadowy altar of Dithmenos.
    39 | D        | Found a snail-covered altar of Cheibriados.
    42 | D        | Found a corrupted altar of Lugonu.
    42 | D        | Found a radiant altar of Vehumet.
    42 | D        | Found a roughly hewn altar of Beogh.
    43 | D        | Found an ancient bone altar of Kikubaaqudgha.
    43 | D        | Found a hide-covered altar of Uskayaw.
    43 | D        | Found a broken altar of Ashenzari.
    46 | D        | Became a worshipper of Sif Muna the Loreminder
    79 | D        | Reached skill level 5 in Spellcasting
    79 | D        | Reached skill level 1 in Invocations
    85 | D        | Reached skill level 1 in Fighting
    85 | D        | Reached skill level 1 in Short Blades
    85 | D        | Reached skill level 1 in Long Blades
    85 | D        | Reached skill level 1 in Axes
    85 | D        | Reached skill level 1 in Maces & Flails
    85 | D        | Reached skill level 1 in Polearms
    85 | D        | Reached skill level 1 in Staves
    85 | D        | Reached skill level 1 in Slings
    85 | D        | Reached skill level 1 in Bows
    85 | D        | Reached skill level 1 in Crossbows
    85 | D        | Reached skill level 1 in Throwing
    85 | D        | Reached skill level 1 in Armour
    85 | D        | Reached skill level 1 in Shields
    85 | D        | Reached skill level 1 in Unarmed Combat
    85 | D        | Reached skill level 1 in Evocations
   568 | D        | Reached * piety under Sif Muna
   568 | D        | Reached XP level 2. HP: 21/21 MP: 4/8
   652 | D        | Learned a level 2 spell: Call Imp
   659 | D        | Reached ** piety under Sif Muna
   659 | D        | Reached skill level 1 in Conjurations
   659 | D        | Reached skill level 1 in Hexes
   659 | D        | Reached skill level 1 in Necromancy
   659 | D        | Reached skill level 1 in Translocations
   659 | D        | Reached skill level 1 in Transmutations
   659 | D        | Reached skill level 1 in Fire Magic
   659 | D        | Reached skill level 1 in Ice Magic
   659 | D        | Reached skill level 1 in Air Magic
   659 | D        | Reached skill level 1 in Earth Magic
   659 | D        | Reached skill level 1 in Poison Magic
   743 | D        | Noticed a sky beast
   806 | D        | Noticed a warg
   832 | D        | Killed a sky beast
   832 | D        | Reached skill level 5 in Dodging
   832 | D        | Reached XP level 3. HP: 21/28 MP: 3/10
   832 | D        | Reached XP level 4. HP: 25/34 MP: 3/11
  2246 | D        | Learned a level 4 spell: Summon Ice Beast
  2359 | D        | Noticed an ice beast
  2402 | D        | Noticed a nameless horror
  2405 | D        | Slain by an ice beast

Illustrated notes

Levels and vault maps discovered:
D:        pitsprint [storerooms_1, entrance_room_1, metal_vault_4, armoury_2,
          mini_pit_1, grid_room_1, main_hall_1, silver_pit, the_coven_1,
          the_vestibule_1, steel_vault_4, golden_pit, hallway_of_sentries,
          crystal_vault_4, iron_vault_2, final_vault]

Skill      XL: |  1  2 |
---------------+-------+-----
Spellcasting   | 5 |  5.5
Invocations    | 1 2 |  2.6
Fighting       | 1 2 |  2.3
Short Blades   | 1 2 |  2.3
Long Blades    | 1 2 |  2.3
Axes           | 1 2 |  2.3
Maces & Flails | 1 2 |  2.3
Polearms       | 1 2 |  2.3
Staves         | 1 2 |  2.3
Slings         | 1 2 |  2.3
Bows           | 1 2 |  2.3
Crossbows      | 1 2 |  2.3
Throwing       | 1 2 |  2.3
Armour         | 1 2 |  2.3
Shields        | 1 2 |  2.3
Unarmed Combat | 1 2 |  2.3
Evocations     | 1 2 |  2.3
Conjurations   | 1 |  1.9
Hexes          | 1 |  1.9
Necromancy     | 1 |  1.9
Translocations | 1 |  1.9
Transmutations | 1 |  1.9
Fire Magic     | 1 |  1.9
Ice Magic      | 1 |  1.9
Air Magic      | 1 |  1.9
Earth Magic    | 1 |  1.9
Poison Magic   | 1 |  1.9
Dodging        | 5 |  5.2
Stealth        | |  4.8
Summonings     | |  7.4

Action                   |  1- 3 |  4- 6 || total
-------------------------+-------+-------++-------
Melee: Falchion          |     5 |       ||     5
       Long sword        |     1 |     3 ||     4
 Cast: Summon Small Mamm |     9 |       ||     9
       Call Imp          |     9 |    31 ||    40
       Summon Ice Beast  |       |     3 ||     3
Invok: Channel Magic     |       |     1 ||     1
 Stab: Betrayed ally     |     1 |       ||     1
Armor: Robe              |     2 |     2 ||     4
Dodge: Dodged            |    13 |     7 ||    20
       Rpst.: Falchion   |     2 |       ||     2
       Long sword        |       |     2 ||     2

Table legend: (Time is in decaauts)
 A = Elapsed time spent in this place.
 B = Non-inter-level travel time spent in this place.
 C = Inter-level travel time spent in this place.
 D = Time resting spent in this place.
 E = Time spent auto-exploring this place.
 F = Levels seen in this place.
 G = Mean time per level.
                   A        B        C        D        E       F      G
               +--------+--------+--------+--------+--------+-----+--------+
         Total |   2406 |   2384 |     22 |   2101 |      0 |   1 | 2406.0 |
       Dungeon |   2406 |   2384 |     22 |   2101 |      0 |   1 | 2406.0 |
               +--------+--------+--------+--------+--------+-----+--------+

Top non-repeatable levels by time:
       D: 2406 daAuts
